 Dungeon Crawl Stone Soup version 0.31-a0-1612-g4aaf141004 (webtiles) character file.

Game seed: 17894078037245672648

313 innerfire43 the Twirler (level 6, 0/47 HPs)
             Began as a Demonspawn Wanderer on Jan 9, 2024.
             Was a Plaything of Xom.
             Slain by an orc
             ... wielding a +2 heavy hand axe
              (2 damage)
             ... on level 4 of the Dungeon.
             The game lasted 00:04:07 (2281 turns).

innerfire43 the Twirler (Demonspawn Wanderer)       Turns: 2281, Time: 00:04:09

Health: 0/47       AC: 12    Str: 17    XL:     6   Next: 19%
Magic:  6/6        EV: 12    Int:  8    God:    Xom [.....*]
Gold:   89         SH:  5    Dex: 14    Spells: 5/5 levels left

rFire   . . .        a - +3 quarterstaff (flame)
rCold   . . .        (shield currently unavailable)
rNeg    . . .        d - +0 leather armour
rPois   .            (no helmet)
rElec   .            q - +0 cloak
rCorr   .            (no gloves)
SInv    .            k - +1 pair of boots
Will    .....        s - amulet of reflection
Stlth   +            (no ring)
HPRegen 0.27/turn    (no ring)
MPRegen 0.20/turn

%: reflection, clarity
@: mighty, weakened, sanguine armoured
A: powered by death 1, magic regeneration, sanguine armour 1, clarity,
devolution 1
a: Renounce Religion


You were on level 4 of the Dungeon.
You worshipped Xom.
You were Xom's teddy bear.
You visited 1 branch of the dungeon, and saw 4 of its levels.

You collected 89 gold pieces.

Inventory:

Hand Weapons
 a - a +3 quarterstaff of flaming (weapon)
Armour
 b - a +0 cloak
 d - a +0 leather armour (worn)
 k - a +1 pair of boots (worn)
 q - a +0 cloak (worn)
Jewellery
 s - an amulet of reflection (around neck)
Scrolls
 c - a scroll of vulnerability
 l - a scroll of enchant armour
Potions
 h - a potion of degeneration {unknown}
 j - a potion of invisibility {unknown}
 o - a potion of curing {unknown}
 r - a potion of haste {unknown}


   Skills:
 + Level 3.1 Fighting
 * Level 4.2 Staves
 - Level 1.0 Throwing
 * Level 3.4 Armour
 + Level 2.8 Dodging
 - Level 1.0 Stealth


You had 5 spell levels left.
You didn't know any spells.
Your spell library contained the following spells:

 Spells                   Type           Power      Damage    Failure   Level
 Call Canine Familiar     Summ           0%         N/A       83%         3
 Sigil of Binding         Hex            0%         N/A       83%         3
 Dimensional Bullseye     Hex/Tloc       0%         N/A       99%         4


Dungeon Overview and Level Annotations

Branches:
Dungeon (4/15)
 Temple: D:4-7

Altars:
Xom

Shops:
D:2 *   D:3 (


Innate Abilities, Weirdness & Mutations

You regenerate a little health from kills.
You regenerate magic rapidly.
When seriously injured, your blood forms armour. (AC +6)
You possess an exceptional clarity of mind.
You have hidden genetic defects.


Message History

* * * LOW HITPOINT WARNING * * *
A gnoll comes into view. It is wielding a +0 whip.
The gnoll closely misses you.
The gnoll moves out of view.
You sock the orc! You burn the orc.
You kill the orc!
The orc hits you with a +2 heavy hand axe.
* * * LOW HITPOINT WARNING * * *
The orc hits your shadow imp with a +2 heavy hand axe.
Your shadow imp hits the orc.
The gnoll bouda gazes fiercely through you!
You feel as though you will be weak longer.
A gnoll comes into view. It is wielding a +4 halberd.
The gnoll closely misses you. The gnoll barely misses you.
It was a potion of mutation.
You feel extremely strange.
You feel a hidden malignance growing inside you.
Your thoughts seem clearer.
Xom thinks this is hilarious!
The gnoll bouda hits you with a +0 whip.
* * * LOW HITPOINT WARNING * * *
The gnoll bouda barks out a call to the hunt!
The gnolls pick up the pace!
Your shadow imp splashes around in the water.
You block the orc's attack.
The orc hits your shadow imp but does no damage.
The gnoll hits you but does no damage. The gnoll barely misses you.
It was a potion of might.
You feel very mighty all of a sudden.
The gnoll bouda is no longer moving quickly.
The gnoll is no longer moving quickly.
The gnoll bouda barks out a call to the hunt!
The gnoll picks up the pace!
Your shadow imp gestures at the orc.
The orc barely resists.
The gnoll bouda barks out a call to the hunt!
The gnoll bouda picks up the pace!
You block the gnoll's attack. The gnoll barely misses you.
The ogre barely misses you.
The orc hits you with a +2 heavy hand axe.
You die...
Xom laughs nastily!

#............#
#............###########
#......................<
########..##################
......†.....................
~~~~~~)~....~≈~~~≈~~†~~~~≈~~
≈~≈~≈~~~.)..5≈≈~≈≈≈≈≈≈≈≈≈≈≈≈
~~~~~~~~...og≈)~~≈~~~~≈~####
..........g@g.).........#...
########''O)#############...
#..gg# #'## #..g.# ..#.
.'....' #. #####g## #. .. #.
~~ #. #.


You could see an ogre, 2 gnoll boudas, 5 gnolls, an orc (ally target) and a
friendly shadow imp (summoned).

Vanquished Creatures
  A howler monkey (D:4)
  A hound (D:3)
  A bombardier beetle (D:3)
  An iguana (D:3)
  5 gnolls (D:4)
  8 adders
  8 orcs
  7 bats
  6 endoplasms
  2 giant cockroaches
  4 goblins
  4 hobgoblins
  13 jackals
  4 ball pythons
  4 frilled lizards
  3 kobolds
  5 rats
77 creatures vanquished.

Vanquished Creatures (others)
  3 jackals (D:4)
3 creatures vanquished.

Grand Total: 80 creatures vanquished

Notes
Turn   | Place    | Note
-------+----------+-------------------------------------------
     0 | D:1      | innerfire43 the Demonspawn Wanderer began the quest for the
                  | Orb.
     0 | D:1      | innerfire43 set off with the following items: a +3
                  | quarterstaff, a +0 cloak, a scroll of vulnerability, a +0
                  | leather armour.
     0 | D:1      | Reached XP level 1. HP: 16/16 MP: 1/1
     0 | D:1      | Noticed a vampire
     0 | D:1      | Noticed a naga
     3 | D:1      | Noticed a ghoul
     3 | D:1      | Noticed a barachi
     5 | D:1      | Noticed a naga
     6 | D:1      | Noticed a djinni
     7 | D:1      | Noticed a spriggan
     8 | D:1      | Noticed a djinni
    11 | D:1      | Noticed a vampire
    13 | D:1      | Noticed a spriggan
    13 | D:1      | Noticed a merfolk
    15 | D:1      | Noticed an elf
    17 | D:1      | Noticed an armataur
    17 | D:1      | Noticed a minotaur
    19 | D:1      | Noticed a vine stalker
    21 | D:1      | Noticed a formicid
   152 | D:1      | Gained mutation: You regenerate a little health from kills.
                  | [demonic ancestry]
   152 | D:1      | Reached XP level 2. HP: 22/22 MP: 2/2
   490 | D:1      | Reached skill level 3 in Staves
   778 | D:2      | Reached XP level 3. HP: 24/27 MP: 3/3
  1067 | D:2      | Found Budoext's Assorted Antiques.
  1367 | D:3      | Gained mutation: When seriously injured, your blood forms
                  | armour. (AC +6) [demonic ancestry]
  1367 | D:3      | Reached XP level 4. HP: 22/34 MP: 4/4
  1448 | D:3      | Found a faded altar of an unknown god.
  1464 | D:3      | Prayed at the altar of an unknown god.
  1464 | D:3      | Became a worshipper of Xom of Chaos
  1587 | D:3      | XOM: silly message
  1659 | D:3      | Reached XP level 5. HP: 22/39 MP: 5/5
  1871 | D:3      | Found Jema's Antique Weapon Shoppe.
  2084 | D:4      | Reached skill level 4 in Staves
  2143 | D:4      | XOM: noise
  2145 | D:4      | XOM: confusion
  2157 | D:4      | XOM: 1-stop teleportation journey
  2159 | D:4      | XOM: destruction
  2163 | D:4      | XOM: summons 3 hostile shadow creatures
  2164 | D:4      | XOM: swap monsters
  2177 | D:4      | Gained mutation: You regenerate magic rapidly. [demonic
                  | ancestry]
  2177 | D:4      | Reached XP level 6. HP: 30/47 MP: 6/6
  2270 | D:4      | XOM: summons friendly shadow imp
  2280 | D:4      | Gained mutation: You have hidden genetic defects. [potion
                  | of mutation]
  2280 | D:4      | Gained mutation: You possess an exceptional clarity of
                  | mind. [potion of mutation]
  2280 | D:4      | HP: 1/47 [gnoll bouda/+0 whip (6)]
  2281 | D:4      | Slain by an orc

Illustrated notes

Levels and vault maps discovered:
D:1:      shiori_arrival_whats_in_store_for_you, layout_basic
D:2:      layout_loops_ring, serial_shops, shop
D:3:      layout_basic, hellmonk_ecumenical_altar_arch_garden, serial_shops,
          shop
D:4:      lemuel_castle_with_subvaults [lemuel_castle_interior_carwin_3],
          layout_basic

Skill      XL: |  1  2  3  4  5 |
---------------+----------------+-----
Dodging        | 2 |  2.8
Staves         | 3 4 |  4.2
Armour         | 2 3 |  3.4
Fighting       | 3 |  3.1
Throwing       | |  1.0
Stealth        | |  1.0

Action                     |  1- 3 |  4- 6 || total
---------------------------+-------+-------++-------
  Melee: Quarterstaff      |    80 |   113 ||   193
    Use: Scroll            |     2 |     5 ||     7
         Potion            |       |     3 ||     3
   Stab: Sleeping          |     5 |     3 ||     8
 Armour: Leather armour    |    44 |    94 ||   138
  Dodge: Dodged            |    51 |   124 ||   175
  Block: Other             |       |    28 ||    28

Table legend: (Time is in decaauts)
 A = Elapsed time spent in this place.
 B = Non-inter-level travel time spent in this place.
 C = Inter-level travel time spent in this place.
 D = Time resting spent in this place.
 E = Time spent auto-exploring this place.
 F = Levels seen in this place.
 G = Mean time per level.
                   A        B        C        D        E       F      G
               +--------+--------+--------+--------+--------+-----+--------+
         Total |   2309 |   2275 |     34 |      0 |   1683 |   4 |  577.2 |
       Dungeon |   2309 |   2275 |     34 |      0 |   1683 |   4 |  577.2 |
               +--------+--------+--------+--------+--------+-----+--------+

Top non-repeatable levels by time:
     D:1: 769 daAuts
     D:3: 689 daAuts
     D:2: 602 daAuts
     D:4: 247 daAuts
